 Dungeon Crawl Stone Soup version 0.22.1-1-ga44c0e5 (webtiles) character file.

60 Loudmushroom the Covered (level 4, -13/29 HPs)
             Began as a Gargoyle Fighter on Sept 24, 2018.
             Mangled by an orc warrior
             ... wielding a +2 flail of protection
              (16 damage)
             ... on level 2 of the Dungeon.
             The game lasted 00:07:39 (1336 turns).

Loudmushroom the Covered (Gargoyle Fighter)         Turns: 1336, Time: 00:07:40

Health: -13/29     AC: 11    Str: 20    XL:     4   Next: 4%
Magic:  4/4        EV:  7    Int:  9    God:
Gold:   42         SH:  9    Dex:  9    Spells: 3/3 levels left

rFire    . . .     SeeInvis .   a - +0 war axe
rCold    . . .     Gourm    .   c - +0 shield
rNeg     + . .     Faith    .   b - +0 scale mail
rPois    ∞         Spirit   .   (no helmet)
rElec    +         Reflect  .   e - +0 cloak
rCorr    .         Harm     .   (no gloves)
MR       .....                  (no boots)
Stlth    ..........             (no amulet)
HPRegen  0.09/turn              (no ring)
MPRegen  0.09/turn              (no ring)

@: no status effects
A: negative energy resistance 1, electricity resistance, unbreathing,
petrification resistance, rot immunity, AC +3
a: no special abilities


You were on level 2 of the Dungeon.
You were hungry.

You visited 1 branch of the dungeon, and saw 2 of its levels.

You collected 42 gold pieces.

Inventory:

Hand Weapons
 a - a +0 war axe (weapon)
Missiles
 i - 47 stones (quivered)
 o - 16 poisoned needles
Armour
 b - a +0 scale mail (worn)
 c - a +0 shield (worn)
 e - a +0 cloak (worn)
Scrolls
 l - a scroll of remove curse {unknown}
 m - a scroll of enchant weapon {unknown}
 n - a scroll of enchant armour {unknown}
Potions
 d - 3 potions of might
 h - a potion of flight {unknown}
 j - a potion of agility {unknown}
 k - a potion of curing {unknown}
Comestibles
 f - 4 rations
 g - 5 chunks of flesh


   Skills:
 + Level 3.7 Fighting
 * Level 2.7 Axes
 + Level 3.7 Armour
 + Level 3.7 Shields


You had 3 spell levels left.
You didn't know any spells.
Your spell library was empty.

Dungeon Overview and Level Annotations

Branches:
Dungeon (2/15)

Altars:


Innate Abilities, Weirdness & Mutations

You are resistant to torment.
Your stone body is resilient. (AC +3)
You are immune to poison.
You resist negative energy. (rN+)
You are resistant to electric shocks. (rElec)
You can survive without breathing.
You are immune to petrification.
You are immune to rotting.


Message History

The orc warrior shouts!
You slash the orc!
You kill the orc!
You barely miss the orc warrior. The orc warrior closely misses you.
You hit the orc warrior but do no damage.
You block the orc warrior's attack. The orc warrior barely misses you.
You are feeling hungry.
You barely miss the orc warrior.
The orc warrior hits you with a flail of protection!
You hit the orc warrior but do no damage.
The orc warrior hits you with a flail of protection!
Ouch! That really hurt!
* * * LOW HITPOINT WARNING * * *
You closely miss the orc warrior. You block the orc warrior's attack.
You barely miss the orc warrior. The orc warrior barely misses you.
You hit the orc warrior.
The orc warrior is lightly wounded.
The orc warrior hits you with a flail of protection!
Ouch! That really hurt!
You die...

#########################
.........................
....####@.......## ######
. +..o.........#
####.........#
#.........# #########.#
#.# #.## #..# ##.#


You could see an orc warrior.

Vanquished Creatures
  3 adders (D:2)
  An ooze (D:2)
  A worm (D:2)
  A leopard gecko (D:2)
  An orc (D:2)
  A goblin (D:1)
  5 hobgoblins
  A ball python (D:1)
  4 bats
  A frilled lizard (D:2)
  2 kobolds (D:1)
  3 rats
24 creatures vanquished.

Notes
Turn   | Place    | Note
-------+----------+-------------------------------------------
     0 | D:1      | Loudmushroom the Gargoyle Fighter began the quest for the
                  | Orb.
     0 | D:1      | Reached XP level 1. HP: 14/14 MP: 1/1
   252 | D:1      | Reached XP level 2. HP: 19/19 MP: 2/2
   922 | D:2      | Reached XP level 3. HP: 15/23 MP: 3/3
  1307 | D:2      | Reached XP level 4. HP: 29/29 MP: 4/4
  1328 | D:2      | Noticed an orc warrior
  1336 | D:2      | Mangled by an orc warrior

Skill      XL: |  1 |
---------------+----+-----
Axes           | 2 |  2.7
Fighting       | |  3.7
Armour         | |  3.7
Shields        | |  3.7

Action                   |  1- 3 |  4- 6 || total
-------------------------+-------+-------++-------
Melee: War axe           |    87 |     8 ||    95
  Eat: Chunk             |     1 |       ||     1
Armor: Scale mail        |    68 |       ||    68
Dodge: Dodged            |    50 |     3 ||    53
Block: Shield            |    52 |     2 ||    54
